 Dungeon Crawl Stone Soup version 0.31-a0-339-gda1cbd555d (webtiles) character file.

Game seed: 14989847694578362649

491 Ofeo the Ruffian (level 6, -7/61 HPs)
             Began as a Troll Shapeshifter on July 20, 2023.
             Mangled by Edmund
             ... wielding a +2 dire flail of protection
              (9 damage)
             ... on level 5 of the Dungeon on July 21, 2023.
             The game lasted 00:03:18 (3629 turns).

Ofeo the Ruffian (Troll Shapeshifter)               Turns: 3629, Time: 00:03:18

Health: -7/61      AC:  4    Str: 26    XL:     6   Next: 91%
Magic:  5/5        EV: 10    Int:  4    God:
Gold:   229        SH:  0    Dex: 10    Spells: 5/5 levels left

rFire   + .          .
                       - Unarmed
rCold   + . .        (no shield)
rNeg    + . .        a - +0 animal skin
rPois   +            (helmet currently unavailable)
rElec   +            (cloak currently unavailable)
rCorr   +            (gloves unavailable)
SInv    .            (boots unavailable)
Will    .....        (no amulet)
Stlth   +            e - ring of positive energy
HPRegen 1.10/turn    (no ring)
MPRegen 0.09/turn

%: no passive effects
@: beast-form, resistant
A: beast (slay +2), large, unfitting armour, claws 3, regeneration 1, shaggy fur
1, tough skin 1
a: Begin Untransformation


You were on level 5 of the Dungeon.
You were a hulking beast.
You visited 1 branch of the dungeon, and saw 5 of its levels.

You collected 229 gold pieces.

Inventory:

Armour
 a - a +0 animal skin (worn)
Jewellery
 e - a ring of positive energy (left claw)
Talismans
 c - a beast talisman
Wands
 n - a wand of acid (11) {@v2}
Scrolls
 d - 2 scrolls of noise {unknown}
 g - 2 scrolls of teleportation {@r3}
 i - a scroll of summoning
 r - a scroll of revelation {unknown}
Potions
 b - a potion of lignification
 h - 3 potions of ambrosia
 j - a potion of degeneration {unknown}
 k - 4 potions of curing {unknown}
 l - 2 potions of attraction {unknown}
 m - a potion of haste {unknown}
 o - a potion of might {unknown}
 p - a potion of magic {unknown}
 q - a potion of mutation {unknown}


   Skills:
 + Level 3.0 Fighting
 + Level 3.3 Dodging
 + Level 4.6 Unarmed Combat
 + Level 4.2 Shapeshifting


You had 5 spell levels left.
You didn't know any spells.
Your spell library contained the following spells:

 Spells                   Type           Power      Damage    Failure   Level
 Shock                    Conj/Air       0%         1d3       50%         1
 Lesser Beckoning         Tloc           0%         N/A       65%         2
 Gell's Gravitas          Tloc           0%         N/A       86%         3
 Teleport Other           Tloc           0%         N/A       86%         3
 Conjure Ball Lightning   Conj/Air       0%         3x3d6     100%        6
 Discord                  Hex            0%         N/A       100%        8
 Disjunction              Tloc           0%         N/A       100%        8


Dungeon Overview and Level Annotations

Branches:
Dungeon (5/15)
 Temple: D:4-7

Altars:
Dithmenos
Kikubaaqudgha
Nemelex Xobeh
Sif Muna
Trog
Vehumet
Xom
Zin
The Shining One

Annotations:
D:5 Edmund


Innate Abilities, Weirdness & Mutations

You are a hulking beast.
Your limbs bulge with bestial killing power. (Slay +2)
You are too large for most types of armour.
You have claws for hands.
Your natural rate of healing is unusually fast.
You are covered in fur. (AC +1)
You have tough skin. (AC +1)


Message History

You scratch Edmund.
Edmund is lightly wounded.
Edmund barely misses you.
You scratch Edmund but do no damage.
Edmund is lightly wounded.
Edmund hits you with a +2 dire flail of protection!
You take 8 damage, and have 39/61 hp.
You scratch Edmund.
Edmund is moderately wounded.
Edmund hits you with a +2 dire flail of protection!
You take 8 damage, and have 31/61 hp.
You are too injured to fight recklessly!
You open the door.
Edmund hits you with a +2 dire flail of protection!
Found a glowing golden altar of the Shining One.
You take 5 damage, and have 27/61 hp.
The ogre barely misses you.
There is an open door here.
Edmund attacks as you move away!
Edmund hits you with a +2 dire flail of protection!
There is a glowing golden altar of the Shining One here.
You take 6 damage, and have 22/61 hp.
You scratch Edmund but do no damage.
Edmund is moderately wounded.
Edmund zaps a wand.
The puff of flame hits you.
You take 2 damage, and have 20/61 hp.
You scratch Edmund but do no damage.
Edmund is moderately wounded.
Edmund hits you with a +2 dire flail of protection!
* * * LOW HITPOINT WARNING * * *
You take 7 damage, and have 13/61 hp.
You scratch Edmund.
Edmund is moderately wounded.
Edmund hits you with a +2 dire flail of protection!
* * * LOW HITPOINT WARNING * * *
You take 12 damage, and have 1/61 hp.
It was a potion of resistance.
You feel protected.
Edmund hits you with a +2 dire flail of protection!
You die...

#+#### #.......# #...
...##### #..#+#......#
#..+h@O.....#
###..#+#......#
#.............#
..#.............#
#.#......†......# ##
####.#.<...........# ..
..#....###+##.....# #.
#....#.###.##.....#
#.######..#.##..##.....#


You could see Edmund and an ogre.

Vanquished Creatures
  An orc warrior (D:4)
  A scorpion (D:5)
  2 hounds (D:4)
  6 orc wizards (D:4)
  3 adders
  2 worms
  2 dart slugs
  2 orcs (D:4)
  3 bats
  7 endoplasms
  6 giant cockroaches
  11 hobgoblins
  2 jackals (D:3)
  5 quokkas
  8 ball pythons
  3 frilled lizards
  3 goblins
  8 kobolds
  23 rats
98 creatures vanquished.

Vanquished Creatures (others)
  An angel (D:3)
1 creature vanquished.

Grand Total: 99 creatures vanquished

Notes
Turn   | Place    | Note
-------+----------+-------------------------------------------
     0 | D:1      | Ofeo the Troll Shapeshifter began the quest for the Orb.
     0 | D:1      | Reached XP level 1. HP: 18/18 MP: 0/0
    45 | D:1      | Reached skill level 1 in Fighting
   102 | D:1      | Reached XP level 2. HP: 27/27 MP: 1/1
  1001 | D:2      | Reached XP level 3. HP: 23/33 MP: 2/2
  1585 | D:3      | Found a shimmering altar of Xom.
  1590 | D:3      | Noticed an angel
  1643 | D:3      | Found a shadowy altar of Dithmenos.
  1701 | D:3      | Found a glowing silver altar of Zin.
  1888 | D:3      | Killed an angel
  2022 | D:3      | Reached XP level 4. HP: 39/42 MP: 3/3
  2267 | D:3      | Found a bloodstained altar of Trog.
  3031 | D:4      | Reached XP level 5. HP: 44/48 MP: 4/4
  3238 | D:4      | Noticed an orc warrior
  3250 | D:4      | Killed an orc warrior
  3251 | D:4      | Reached XP level 6. HP: 22/59 MP: 5/5
  3459 | D:4      | Found a shimmering blue altar of Sif Muna.
  3468 | D:4      | Found an ancient bone altar of Kikubaaqudgha.
  3483 | D:4      | Found a radiant altar of Vehumet.
  3496 | D:4      | Got Vehumet's Compilation of Confrontation
  3568 | D:5      | Entered Level 5 of the Dungeon
  3577 | D:5      | Found a sparkling altar of Nemelex Xobeh.
  3612 | D:5      | Noticed Edmund
  3623 | D:5      | Found a glowing golden altar of the Shining One.
  3628 | D:5      | HP: 1/61 [Edmund/+2 dire flail of protection (13)]
  3629 | D:5      | Mangled by Edmund

Illustrated notes

Levels and vault maps discovered:
D:1:      mainiacjoe_arrival_reflecting_pool, layout_basic,
          hangedman_glass_teeth
D:2:      layout_basic, kennysheep_generic_room_6
D:3:      layout_basic, grunt_temple_overflow_order_and_chaos_1,
          mainiacjoe_overflow_alcove_1, trog_book
D:4:      layout_loops_corners, palyth_temple_overflow_mages, minmay_rat_hole
D:5:      layout_basic, nicolae_overflow_crystal_walls, kennysheep_mini_moat,
          nicolae_uskayaw_suspiria, uniq_edmund, uniq_crazy_yiuf_cottage

Skill      XL: |  1  2  3  4  5  6 |
---------------+-------------------+-----
Fighting       | 1 2 3 |  3.0
Dodging        | 2 3 |  3.3
Unarmed Combat | 4 |  4.6
Shapeshifting  | 4 |  4.2

Action                     |  1- 3 |  4- 6 || total
---------------------------+-------+-------++-------
  Melee: Unarmed           |    86 |   110 ||   196
         Punch             |     1 |     1 ||     2
    Use: Scroll            |       |     5 ||     5
         Potion            |       |     1 ||     1
   Stab: Sleeping          |     1 |     1 ||     2
 Armour: Animal skin       |    23 |    25 ||    48
  Dodge: Dodged            |    33 |    32 ||    65

Table legend: (Time is in decaauts)
 A = Elapsed time spent in this place.
 B = Non-inter-level travel time spent in this place.
 C = Inter-level travel time spent in this place.
 D = Time resting spent in this place.
 E = Time spent auto-exploring this place.
 F = Levels seen in this place.
 G = Mean time per level.
                   A        B        C        D        E       F      G
               +--------+--------+--------+--------+--------+-----+--------+
         Total |   3614 |   3442 |    172 |      0 |   2956 |   5 |  722.8 |
       Dungeon |   3614 |   3442 |    172 |      0 |   2956 |   5 |  722.8 |
               +--------+--------+--------+--------+--------+-----+--------+

Top non-repeatable levels by time:
     D:4: 1091 daAuts
     D:1: 907 daAuts
     D:3: 885 daAuts
     D:2: 670 daAuts
     D:5: 59 daAuts
